 Dungeon Crawl Stone Soup version 0.31-a0-149-g3fdcc5976a (webtiles) character file.

Game seed: 13025837974061683094

1600 jlumianski the Magician (level 9, -3/61 HPs)
             Began as a Djinni Fire Elementalist on June 7, 2023.
             Was an Initiate of Makhleb.
             Slain by a shadow (32 damage)
             ... on level 6 of the Dungeon.
             The game lasted 00:43:47 (5905 turns).

jlumianski the Magician (Djinni Fire Elementalist)  Turns: 5905, Time: 00:43:48

Health: -3/61      AC:  4    Str:  7    XL:     9   Next: 15%
Gold:   113        EV: 14    Int: 21    God:    Makhleb [......] SH:  0 Dex: 14

rFire   + + .        y - staff of conjuration
rCold   x . .        (no shield)
rNeg    + . .        a - +0 robe
rPois   ∞            w - +0 helmet
rElec   .            (no cloak)
rCorr   .            o - +0 pair of gloves
SInv    .            (boots unavailable)
Will    .....        (no amulet)
Stlth   +++          j - ring of positive energy
HPRegen 0.30/turn    (no ring)
MPRegen 0.00/turn

%: infuse magic (-4 HP)
@: flying, very slightly contaminated
A: sickness immunity, fire resistance 2, cold vulnerability 1, float, innate
caster, HP casting, extra vitality 1
a: Renounce Religion


You were on level 6 of the Dungeon.
You worshipped Makhleb.
Makhleb was noncommittal.
You visited 2 branches of the dungeon, and saw 8 of its levels.

You collected 288 gold pieces.
You spent 175 gold pieces at shops.

Inventory:

Hand Weapons
 d - a +1 hand axe of venom
 i - a +2 short sword of venom
Missiles
 h - 4 poisoned darts
Armour
 a - a +0 robe (worn)
 o - a +0 pair of gloves (worn)
 r - a +0 pair of gloves
 w - a +0 helmet (worn)
Magical Staves
 u - a staff of death
 y - a staff of conjuration (weapon)
Jewellery
 j - a ring of positive energy (left hand)
Wands
 A - a wand of polymorph (7)
Scrolls
 e - a scroll of fear {unknown}
 f - a scroll of magic mapping {unknown}
 g - 4 scrolls of teleportation
 k - a scroll of blinking
 l - a scroll of enchant armour {unknown}
 m - a scroll of vulnerability {unknown}
 q - a scroll of amnesia
 v - a scroll of noise {unknown}
 B - a scroll of butterflies {unknown}
Potions
 b - 2 potions of heal wounds
 c - a potion of might
 p - a potion of attraction
 s - a potion of resistance {unknown}
 t - a potion of lignification {unknown}
 x - a potion of curing
 z - a potion of magic {unknown}


   Skills:
 + Level 3.2 Fighting
 + Level 5.3 Dodging
 + Level 3.9 Stealth
 * Level 6.9 Spellcasting
 * Level 6.9 Conjurations
 * Level 6.9 Hexes
 * Level 6.9 Summonings
 * Level 6.9 Necromancy
 * Level 6.9 Translocations
 * Level 6.9 Transmutations
 * Level 6.9 Fire Magic
 * Level 6.9 Ice Magic
 * Level 6.9 Air Magic
 * Level 6.9 Earth Magic
 * Level 6.9 Poison Magic


You knew the following spells:

 Your Spells              Type           Power      Damage    Failure   Level
a - Foxfire               Conj/Fire      100%       2x1d9     1%          1
b - Scorch                Fire           72%        2d8       1%          2
c - Volatile Blastmotes   Fire/Tloc      72%        2d16      1%          3
d - Inner Flame           Hex/Fire       36%        N/A       1%          3
e - Flame Wave            Conj/Fire      53%        2d13      4%          4
f - Freeze                Ice            100%       1d10      1%          1
g - Call Imp              Summ           72%        N/A       1%          2
h - Poisonous Vapours     Pois/Air       72%        N/A       1%          2
i - Stone Arrow           Conj/Erth      100%       3d13      1%          3
Your spell library was empty.

Dungeon Overview and Level Annotations

Branches:
Dungeon (7/15)             Temple (1/1) D:5

Altars:
Ashenzari
Cheibriados
Elyvilon
Fedhas
Gozag
Hepliaklqana
Makhleb
Nemelex Xobeh
Okawaru
Qazlal
Ru
Trog
Wu Jian
Xom
Yredelemnul
Zin
The Shining One

Shops:
D:4 *

Annotations:
D:2 Sigmund


Innate Abilities, Weirdness & Mutations

You are immune to sickness and miasma.
You are immune to poison.
Your flesh is very heat resistant. (rF++)
You are vulnerable to cold. (rC-)
You float through the air rather than walking.
You learn spells naturally, not from books.
Your magical power is your life essence.
You have superior vitality. (+4 MHP)


Message History

The shadow hits you!
Your cerulean imp hits the shadow with a -1 spear.
You hit the shadow but do no damage.
The shadow is severely damaged.
The shadow hits you.
Your cerulean imp hits the shadow but does no damage.
You barely miss the shadow.
The shadow is severely damaged.
The shadow slips into darkness.
The shadow flickers and vanishes!
Deactivating autopickup; reactivate with Ctrl-A.
You miss something.
The shadow strikes at you from the darkness!
Reactivating autopickup.
Your cerulean imp hits the shadow but does no damage. x2
The shadow hits your cerulean imp.
Casting: Call Imp (safe; 1% risk of failure)
Confirm with . or Enter, or press ? or * to list all spells.
You feel a surge of power!
You conjure some foxfire!
The shadow closely misses your cerulean imp.
Your cerulean imp closely misses the shadow.
You strike the helpless shadow from behind!
You hit the shadow.
The shadow is severely damaged.
The foxfire hits the shadow but does no damage.
The shadow is severely damaged.
The shadow hits you.
Your cerulean imp hits the shadow but does no damage.
Casting: Foxfire (safe; 1% risk of failure)
Confirm with . or Enter, or press ? or * to list all spells.
You miscast Scorch.
You are very lightly contaminated with residual magic.
Nothing appears to happen.
The shadow slips into darkness.
The shadow flickers and vanishes!
Deactivating autopickup; reactivate with Ctrl-A.
You miss something.
The shadow strikes at you from the darkness!
Ouch! That really hurt!
You die...

### .> ####
###.##.. <......
####....######.
...............
#######.#{####.#
.........@5....#
######.###.#####
#...........
#....#########
#.#..........#
#.#.#..#####
#.#........# #
#.#........#.#
#.#.#.#<#....#


You could see a friendly cerulean imp (summoned).

Vanquished Creatures
  Grinder (D:4)
  The ghost of ytrimaz the Slasher, an amateur DjWr (D:5)
  An ice beast (D:4)
  An ogre (D:5)
  2 centaurs (D:5)
  A phantom (D:5)
  A bullfrog (D:6)
  3 scorpions
  2 jellies
  3 orc priests
  An iguana (D:4)
  Ijyb (D:5)
  Terence (D:2)
  3 orc wizards
  Natasha (D:2)
  2 gnolls (D:4)
  8 adders
  2 worms (D:2)
  2 dart slugs (D:1)
  11 orcs
  8 endoplasms
  A giant cockroach (D:2)
  5 goblins
  7 hobgoblins
  10 jackals
  7 kobolds
  2 quokkas (D:2)
  5 ball pythons
  6 bats
  2 frilled lizards
  4 rats
105 creatures vanquished.

Vanquished Creatures (collateral kills)
  A jelly (D:5)
  A gnoll (D:4)
  2 orcs (D:4)
  A hobgoblin (D:3)
  A foxfire (D:4)
6 creatures vanquished.

Vanquished Creatures (others)
  191 foxfires
191 creatures vanquished.

Grand Total: 302 creatures vanquished

Notes
Turn   | Place    | Note
-------+----------+-------------------------------------------
     0 | D:1      | jlumianski the Djinni Fire Elementalist began the quest for
                  | the Orb.
     0 | D:1      | jlumianski set off with the following spells memorised:
                  | Foxfire, Scorch, Volatile Blastmotes, Inner Flame, Flame
                  | Wave.
     0 | D:1      | Reached XP level 1. HP: 15/15 MP: 0/0
   122 | D:1      | Reached XP level 2. HP: 20/21 MP: 0/0
   229 | D:2      | Reached XP level 3. HP: 23/25 MP: 0/0
   229 | D:2      | Learned a level 1 spell: Freeze
  1052 | D:2      | Noticed Sigmund
  1065 | D:2      | Reached XP level 4. HP: 29/31 MP: 0/0
  1105 | D:3      | Found a broken altar of Ashenzari.
  1194 | D:4      | Found a shimmering altar of Xom.
  1754 | D:2      | Noticed Natasha
  1758 | D:2      | Killed Natasha
  1759 | D:2      | Reached XP level 5. HP: 21/36 MP: 0/0
  1759 | D:2      | Learned a level 2 spell: Call Imp
  2053 | D:2      | Noticed Terence
  2067 | D:2      | Killed Terence
  2238 | D:4      | Found a bloodstained altar of Trog.
  2688 | D:4      | Noticed Grinder
  2735 | D:4      | Reached XP level 6. HP: 31/41 MP: 0/0
  2747 | D:4      | Reached skill level 1 in Fighting
  2760 | D:3      | Upgraded the game from 0.31-a0-145-g046c7d2549 to
                  | 0.31-a0-149-g3fdcc5976a
  3094 | D:5      | Entered Level 5 of the Dungeon
  3094 | D:5      | Noticed an ice beast
  3113 | D:4      | Killed an ice beast
  3114 | D:4      | Reached XP level 7. HP: 5/47 MP: 0/0
  3114 | D:4      | Learned a level 2 spell: Poisonous Vapours
  3395 | D:4      | Killed Grinder
  3396 | D:4      | Reached skill level 5 in Spellcasting
  3396 | D:4      | Reached skill level 5 in Conjurations
  3396 | D:4      | Reached skill level 5 in Hexes
  3396 | D:4      | Reached skill level 5 in Summonings
  3396 | D:4      | Reached skill level 5 in Necromancy
  3396 | D:4      | Reached skill level 5 in Translocations
  3396 | D:4      | Reached skill level 5 in Transmutations
  3396 | D:4      | Reached skill level 5 in Fire Magic
  3396 | D:4      | Reached skill level 5 in Ice Magic
  3396 | D:4      | Reached skill level 5 in Air Magic
  3396 | D:4      | Reached skill level 5 in Earth Magic
  3396 | D:4      | Reached skill level 5 in Poison Magic
  3630 | D:4      | Found Deikik's General Store.
  3633 | D:4      | Bought a potion of heal wounds for 70 gold pieces
  3633 | D:4      | Bought a scroll of blinking for 105 gold pieces
  3792 | D:4      | Reached XP level 8. HP: 52/54 MP: 0/0
  4819 | D:5      | Reached skill level 5 in Dodging
  5001 | D:5      | Found a sparkling altar of Nemelex Xobeh.
  5184 | D:5      | Noticed ytrimaz's ghost (amateur DjWr)
  5188 | D:5      | Found a runed translucent door.
  5290 | D:5      | Noticed Ijyb
  5300 | D:5      | Killed Ijyb
  5487 | D:5      | Found a staircase to the Ecumenical Temple.
  5515 | Temple   | Entered the Ecumenical Temple
  5545 | Temple   | Became a worshipper of Makhleb the Destroyer
  5617 | D:6      | Reached XP level 9. HP: 58/60 MP: 0/0
  5617 | D:6      | Learned a level 3 spell: Stone Arrow
  5784 | D:5      | Killed ytrimaz's ghost
  5905 | D:6      | Slain by a shadow

Illustrated notes

Levels and vault maps discovered:
D:1:      minmay_arrival_jagged, layout_loops_cross
D:2:      layout_loops_ring, minmay_pentomino_w4, uniq_sigmund, uniq_natasha,
          uniq_terence
D:3:      wander_river, layout_basic, ashenzari_altar_1
D:4:      layout_rooms, mainiacjoe_overflow_catch_the_wave, serial_shops,
          nicolae_shop_window_shopping, uniq_grinder
D:5:      layout_layer_cave, kennysheep_mini, minmay_temple_entry_slanted,
          hellmonk_ghost_happy_afterlife, uniq_ijyb
D:6:      layout_basic
D:7:      layout_basic
Temple:   lightli_temple_of_artemis

Skill      XL: |  1  2  3  4  5  6  7  8 |
---------------+-------------------------+-----
Spellcasting   | 4 5 6 |  6.9
Conjurations   | 4 5 6 |  6.9
Hexes          | 4 5 6 |  6.9
Summonings     | 4 5 6 |  6.9
Necromancy     | 4 5 6 |  6.9
Translocations | 4 5 6 |  6.9
Transmutations | 4 5 6 |  6.9
Fire Magic     | 4 5 6 |  6.9
Ice Magic      | 4 5 6 |  6.9
Air Magic      | 4 5 6 |  6.9
Earth Magic    | 4 5 6 |  6.9
Poison Magic   | 4 5 6 |  6.9
Stealth        | 2 3 |  3.9
Dodging        | 3 4 5 |  5.3
Fighting       | 1 2 3 |  3.2

Action                     |  1- 3 |  4- 6 |  7- 9 || total
---------------------------+-------+-------+-------++-------
  Melee: Unarmed           |    11 |       |       ||    11
         Hand axe          |     7 |     1 |       ||     8
         Short sword       |       |    39 |    15 ||    54
         Punch             |       |     2 |     1 ||     3
         Staff             |       |       |     8 ||     8
   Cast: Foxfire           |    33 |    42 |    35 ||   110
         Scorch            |     2 |    19 |    19 ||    40
         Volatile Blastmot |     1 |     1 |     6 ||     8
         Freeze            |       |     1 |     1 ||     2
         Call Imp          |       |     6 |    12 ||    18
         Inner Flame       |       |     2 |     4 ||     6
         Flame Wave        |       |       |     1 ||     1
         Stone Arrow       |       |       |     1 ||     1
    Use: Scroll            |       |     3 |     4 ||     7
         Potion            |       |       |     1 ||     1
   Stab: Sleeping          |       |     1 |       ||     1
         Distracted        |       |     1 |     1 ||     2
 Armour: Robe              |     5 |    10 |    18 ||    33
  Dodge: Dodged            |    17 |    39 |    46 ||   102

Table legend: (Time is in decaauts)
 A = Elapsed time spent in this place.
 B = Non-inter-level travel time spent in this place.
 C = Inter-level travel time spent in this place.
 D = Time resting spent in this place.
 E = Time spent auto-exploring this place.
 F = Levels seen in this place.
 G = Mean time per level.
                   A        B        C        D        E       F      G
               +--------+--------+--------+--------+--------+-----+--------+
         Total |   5927 |   5841 |     86 |    841 |   2831 |   8 |  740.9 |
       Dungeon |   5866 |   5780 |     86 |    841 |   2831 |   7 |  838.0 |
        Temple |     60 |     60 |      0 |      0 |      0 |   1 |   60.0 |
               +--------+--------+--------+--------+--------+-----+--------+

Top non-repeatable levels by time:
     D:4: 1627 daAuts
     D:5: 1200 daAuts
     D:3: 1126 daAuts
     D:1: 941 daAuts
     D:2: 883 daAuts
     D:6: 85 daAuts
  Temple: 60 daAuts
     D:7: 1 daAuts
